General information
- name: BNet
- type: Ladder team game (AT/RT)
- host: Battle.net
- saver: Champin
map: Deathknell
- players: 8
- length: 28:57
- speed: Fast
- version: 1.26 W3XP
- replay type: Public
» download(184 KB)
Players
team 1 (loser)

»
NighT4d3ElveS (
orange | 51 APM | 1482 actions | 28:54)
4 Shadow Hunter
2 Hex
2 Healing Wave
» actions
| Assign group hotkey | 46 | |
| Basic commands | 25 | |
| Build / train | 99 | |
| ESC pressed | 1 | |
| Enter build submenu | 22 | |
| Enter hero's abilities submenu | 4 | |
| Remove unit from queue | 3 | |
| Right click | 542 | |
| Select / deselect | 290 | |
| Select group hotkey | 377 | |
| Use ability | 72 | |
1482 total
» units
| Peon | 25 | |
| Grunt | 5 | |
| Troll Witch Doctor | 3 | |
| Tauren | 9 | |
| Shaman | 2 | |
44 total
» upgrades
| Armor | 2 | |
| Melee Weapons | 3 | |
| Berserker Strength | 1 | |
| Shaman Training | 2 | |
| Witch Doctor Training | 3 | |
| Pulverize | 1 | |
12 total
» buildings
| Altar of Storms | 1 | |
| Orc Burrow | 8 | |
| Barracks | 1 | |
| Voodoo Lounge | 1 | |
| War Mill | 1 | |
| Stronghold | 5 | |
| Fortress | 4 | |
| Spirit Lodge | 2 | |
| Tauren Totem | 2 | |
| Great Hall | 4 | |
29 total
» build order
00:14 Altar of Storms
00:19 Orc Burrow
00:56 Barracks
01:39 Orc Burrow
01:48 Voodoo Lounge
02:13 War Mill
03:11 Orc Burrow
04:11 Stronghold
04:11 Stronghold
04:11 Stronghold
05:55 Orc Burrow
06:32 Fortress
06:32 Fortress
06:32 Fortress
06:32 Fortress
06:59 Spirit Lodge
07:12 Spirit Lodge
08:59 Tauren Totem
09:07 Tauren Totem
12:13 Orc Burrow
16:45 Great Hall
17:57 Great Hall
20:35 Orc Burrow
21:33 Orc Burrow
23:32 Orc Burrow
24:41 Great Hall
27:34 Great Hall
» items
| Scroll of Speed | 3 | |
| Healing Salve | 1 | |
| Lesser Clarity Potion | 2 | |
| Scroll of Town Portal | 1 | |
| Potion of Healing | 1 | |
8 total
BillionKid (
pink | 39 APM | 1132 actions | 28:51)
4 Demon Hunter
1 Immolation
2 Evasion
1 Mana Burn
» actions
| Assign group hotkey | 26 | |
| Basic commands | 13 | |
| Build / train | 57 | |
| Enter build submenu | 21 | |
| Enter hero's abilities submenu | 4 | |
| Remove unit from queue | 1 | |
| Right click | 544 | |
| Select / deselect | 195 | |
| Select group hotkey | 212 | |
| Use ability | 59 | |
1132 total
» units
| Wisp | 14 | |
| Archer | 5 | |
| Huntress | 12 | |
| Dryad | 10 | |
41 total
» upgrades
| Strength of the Wild | 1 | |
| Abolish Magic | 1 | |
| Strength of the Moon | 2 | |
| Upgrade Moon Glaive | 1 | |
5 total
» buildings
| Altar of Elders | 2 | |
| Moon Well | 7 | |
| Ancient of War | 2 | |
| Hunter's Hall | 1 | |
| Tree of Ages | 1 | |
| Ancient of Wonders | 1 | |
| Ancient Protector | 1 | |
| Tree of Eternity | 1 | |
| Ancient of Lore | 1 | |
| Ancient of Wind | 1 | |
| Chimaera Roost | 1 | |
19 total
» build order
00:06 Altar of Elders
00:08 Moon Well
00:39 Ancient of War
01:28 Moon Well
02:18 Hunter's Hall
03:16 Moon Well
03:40 Tree of Ages
04:14 Ancient of Wonders
05:36 Moon Well
05:59 Ancient Protector
06:33 Tree of Eternity
08:35 Ancient of Lore
09:24 Ancient of Wind
11:02 Moon Well
12:30 Chimaera Roost
15:27 Moon Well
16:07 Altar of Elders
17:57 Moon Well
18:45 Ancient of War
» items
| Scroll of Town Portal | 2 | |
| Moonstone | 1 | |
3 total

»
AlreadyDonged (
red | 39 APM | 1136 actions | 28:56)
5 Death Knight
3 Death Coil
2 Unholy Aura
» actions
| Assign group hotkey | 60 | |
| Basic commands | 36 | |
| Build / train | 52 | |
| Enter build submenu | 20 | |
| Enter hero's abilities submenu | 5 | |
| Remove unit from queue | 1 | |
| Right click | 539 | |
| Select / deselect | 221 | |
| Select group hotkey | 143 | |
| Use ability | 59 | |
1136 total
» units
| Acolyte | 3 | |
| Ghoul | 3 | |
| Crypt Fiend | 13 | |
| Obsidian Statue | 2 | |
| Frost Wyrm | 4 | |
25 total
» upgrades
| Creature Attack | 2 | |
| Creature Carapace | 1 | |
| Burrow | 1 | |
| Web | 1 | |
| Freezing Breath | 1 | |
6 total
» buildings
| Crypt | 1 | |
| Altar of Darkness | 1 | |
| Ziggurat | 7 | |
| Graveyard | 1 | |
| Tomb of Relics | 1 | |
| Halls of the Dead | 1 | |
| Slaughterhouse | 2 | |
| Black Citadel | 1 | |
| Sacrificial Pit | 1 | |
| Spirit Tower | 4 | |
| Boneyard | 2 | |
| Nerubian Tower | 1 | |
23 total
» build order
00:12 Crypt
00:18 Altar of Darkness
00:35 Ziggurat
00:58 Graveyard
01:37 Ziggurat
02:01 Tomb of Relics
02:45 Ziggurat
04:49 Halls of the Dead
06:37 Ziggurat
06:39 Ziggurat
07:25 Slaughterhouse
08:17 Black Citadel
08:21 Sacrificial Pit
08:27 Slaughterhouse
08:37 Spirit Tower
10:11 Ziggurat
10:14 Ziggurat
11:30 Boneyard
11:33 Boneyard
15:57 Spirit Tower
19:42 Nerubian Tower
19:44 Nerubian Tower
19:46 Spirit Tower
19:48 Spirit Tower
» items
| Rod of Necromancy | 1 | |
| Potion of Healing | 1 | |
| Scroll of Town Portal | 3 | |
| Orb of Corruption | 1 | |
6 total
houroumi (
yellow | 28 APM | 810 actions | 28:47)
4 Demon Hunter
2 Immolation
2 Mana Burn
3 Firelord
2 Summon Lava Spawn
1 Incinerate
2 Naga Sea Witch
1 Forked Lightning
1 Frost Arrows
» actions
| Build / train | 92 | |
| Enter build submenu | 38 | |
| Enter hero's abilities submenu | 9 | |
| Remove unit from queue | 1 | |
| Right click | 269 | |
| Select / deselect | 344 | |
| Use ability | 56 | |
810 total
» units
| Wisp | 28 | |
| Archer | 2 | |
| Huntress | 8 | |
| Chimaera | 14 | |
| Hippogryph | 23 | |
75 total
» upgrades
| Corrosive Breath | 1 | |
| Upgrade Moon Glaive | 1 | |
2 total
» buildings
| Altar of Elders | 1 | |
| Moon Well | 8 | |
| Ancient of War | 1 | |
| Hunter's Hall | 1 | |
| Tree of Ages | 1 | |
| Tree of Life | 1 | |
| Ancient of Wind | 1 | |
| Tree of Eternity | 1 | |
| Ancient Protector | 15 | |
| Chimaera Roost | 3 | |
33 total
» build order
00:09 Altar of Elders
00:11 Moon Well
00:32 Moon Well
01:22 Ancient of War
02:10 Hunter's Hall
03:00 Tree of Ages
04:27 Moon Well
04:52 Moon Well
05:48 Tree of Life
06:37 Ancient of Wind
07:37 Tree of Eternity
09:24 Ancient Protector
09:35 Ancient Protector
09:51 Ancient Protector
10:03 Chimaera Roost
10:08 Chimaera Roost
10:11 Chimaera Roost
10:27 Ancient Protector
10:35 Ancient Protector
11:25 Ancient Protector
12:06 Ancient Protector
12:29 Ancient Protector
12:59 Moon Well
13:03 Moon Well
13:07 Moon Well
13:13 Ancient Protector
13:27 Moon Well
18:25 Ancient Protector
18:28 Ancient Protector
18:44 Ancient Protector
18:56 Ancient Protector
20:13 Ancient Protector
22:31 Ancient Protector
team 2 (winner)
Huggsu- (
teal | 47 APM | 1364 actions | 28:56)
3 Archmage
2 Summon Water Elemental
1 Brilliance Aura
» actions
| Build / train | 95 | |
| Enter build submenu | 31 | |
| Enter hero's abilities submenu | 3 | |
| Remove unit from queue | 6 | |
| Right click | 775 | |
| Select / deselect | 408 | |
| Use ability | 46 | |
1364 total
» units
| Peasant | 26 | |
| Rifleman | 12 | |
| Footman | 5 | |
| Flying Machine | 13 | |
| Siege Engine | 8 | |
64 total
» upgrades
| Lumber Harvesting | 1 | |
| Flak Cannons | 1 | |
| Flying Machine Bombs | 1 | |
| Gunpowder | 1 | |
| Barrage | 1 | |
| Plating | 1 | |
6 total
» buildings
| Barracks | 1 | |
| Altar of Kings | 1 | |
| Farm | 9 | |
| Blacksmith | 1 | |
| Keep | 2 | |
| Arcane Vault | 1 | |
| Scout Tower | 3 | |
| Lumber Mill | 1 | |
| Guard Tower | 1 | |
| Arcane Tower | 1 | |
| Workshop | 3 | |
| Town Hall | 3 | |
| Castle | 2 | |
29 total
» build order
00:06 Barracks
00:15 Altar of Kings
00:19 Farm
01:29 Blacksmith
01:59 Farm
03:00 Farm
03:56 Farm
05:28 Keep
07:01 Arcane Vault
07:12 Scout Tower
09:17 Scout Tower
09:23 Scout Tower
10:05 Lumber Mill
11:29 Guard Tower
11:41 Arcane Tower
12:49 Farm
13:09 Workshop
14:20 Town Hall
15:25 Castle
16:09 Farm
16:17 Workshop
18:41 Keep
20:07 Town Hall
21:24 Castle
23:02 Workshop
23:21 Town Hall
24:32 Farm
25:18 Farm
27:04 Farm
» items
| Scroll of Regeneration | 3 | |
| Scroll of Town Portal | 4 | |
| Potion of Healing | 1 | |
8 total
Champin (
green | 64 APM | 1861 actions | 28:57)
10 Archmage
3 Summon Water Elemental
3 Brilliance Aura
1 Mass Teleport
3 Blizzard
» actions
| Assign group hotkey | 35 | |
| Basic commands | 71 | |
| Build / train | 85 | |
| Enter build submenu | 56 | |
| Enter hero's abilities submenu | 10 | |
| Give item / drop item | 4 | |
| Remove unit from queue | 1 | |
| Right click | 585 | |
| Select / deselect | 375 | |
| Select group hotkey | 447 | |
| Use ability | 192 | |
1861 total
» units
| Peasant | 12 | |
| Footman | 4 | |
| Goblin Shredder | 1 | |
| Gryphon Rider | 11 | |
| Dragonhawk Rider | 7 | |
35 total
» upgrades
| Masonry | 3 | |
| Swords | 3 | |
| Armor | 3 | |
| Animal War Training | 1 | |
| Storm Hammers | 1 | |
| Cloud | 1 | |
12 total
» buildings
| Altar of Kings | 1 | |
| Barracks | 1 | |
| Farm | 13 | |
| Scout Tower | 41 | |
| Arcane Tower | 1 | |
| Arcane Vault | 2 | |
| Keep | 1 | |
| Lumber Mill | 1 | |
| Town Hall | 3 | |
| Castle | 2 | |
| Gryphon Aviary | 4 | |
| Blacksmith | 2 | |
| Guard Tower | 11 | |
| Arcane Sanctum | 1 | |
84 total
» build order
00:37 Altar of Kings
00:39 Barracks
00:50 Farm
00:55 Farm
01:05 Farm
01:37 Scout Tower
02:03 Farm
02:57 Arcane Tower
03:16 Arcane Vault
03:52 Keep
04:09 Lumber Mill
04:27 Town Hall
06:28 Farm
07:15 Scout Tower
07:17 Scout Tower
07:18 Castle
07:18 Castle
07:19 Scout Tower
07:21 Scout Tower
08:25 Gryphon Aviary
08:25 Gryphon Aviary
08:26 Gryphon Aviary
08:28 Gryphon Aviary
08:32 Blacksmith
08:34 Blacksmith
09:03 Guard Tower
09:37 Farm
09:38 Farm
09:38 Farm
10:29 Scout Tower
10:30 Scout Tower
10:32 Scout Tower
10:33 Scout Tower
11:06 Scout Tower
11:07 Scout Tower
11:13 Scout Tower
11:16 Scout Tower
11:18 Scout Tower
11:21 Scout Tower
11:23 Scout Tower
11:36 Guard Tower
11:54 Guard Tower
12:03 Guard Tower
12:11 Guard Tower
12:58 Guard Tower
15:59 Scout Tower
16:00 Scout Tower
16:01 Scout Tower
16:03 Scout Tower
16:05 Scout Tower
16:44 Guard Tower
18:38 Farm
18:39 Farm
20:17 Town Hall
20:26 Scout Tower
20:26 Scout Tower
20:26 Scout Tower
20:27 Scout Tower
20:28 Scout Tower
20:28 Scout Tower
20:28 Scout Tower
20:29 Scout Tower
22:00 Guard Tower
24:29 Farm
24:32 Farm
24:33 Farm
26:25 Town Hall
26:28 Scout Tower
26:29 Scout Tower
26:29 Scout Tower
26:29 Scout Tower
26:31 Scout Tower
26:31 Scout Tower
26:31 Scout Tower
26:31 Scout Tower
26:32 Scout Tower
26:33 Scout Tower
26:33 Scout Tower
26:35 Scout Tower
26:48 Arcane Sanctum
26:59 Arcane Vault
27:02 Guard Tower
27:33 Guard Tower
28:02 Guard Tower
» items
| Scroll of Regeneration | 8 | |
| Mechanical Critter | 2 | |
| Potion of Healing | 1 | |
11 total
mjur (
blue | 75 APM | 2166 actions | 28:56)
6 Mountain King
3 Storm Bolt
2 Bash
1 Avatar
4 Paladin
2 Holy Light
1 Divine Shield
1 Devotion Aura
» actions
| Assign group hotkey | 25 | |
| Basic commands | 43 | |
| Build / train | 116 | |
| Enter build submenu | 29 | |
| Enter hero's abilities submenu | 10 | |
| Give item / drop item | 1 | |
| Right click | 1248 | |
| Select / deselect | 341 | |
| Select group hotkey | 259 | |
| Use ability | 94 | |
2166 total
» units
| Peasant | 14 | |
| Footman | 4 | |
| Ice Troll Trapper | 1 | |
| Ice Troll Berserker | 1 | |
| Rifleman | 8 | |
| Mortar Team | 3 | |
| Flying Machine | 1 | |
| Knight | 4 | |
| Siege Engine | 10 | |
| Priest | 3 | |
| Spell Breaker | 1 | |
50 total
» upgrades
| Swords | 3 | |
| Plating | 3 | |
| Armor | 3 | |
| Gunpowder | 3 | |
| Masonry | 3 | |
| Lumber Harvesting | 2 | |
| Long Rifles | 1 | |
| Defend | 1 | |
| Barrage | 1 | |
| Priest Training | 2 | |
| Animal War Training | 1 | |
23 total
» buildings
| Altar of Kings | 1 | |
| Barracks | 1 | |
| Farm | 10 | |
| Town Hall | 2 | |
| Arcane Vault | 2 | |
| Lumber Mill | 1 | |
| Blacksmith | 1 | |
| Keep | 1 | |
| Scout Tower | 5 | |
| Workshop | 4 | |
| Guard Tower | 8 | |
| Castle | 1 | |
| Arcane Sanctum | 2 | |
39 total
» build order
00:08 Altar of Kings
00:17 Barracks
00:21 Farm
00:54 Farm
01:37 Farm
03:54 Town Hall
03:58 Arcane Vault
04:46 Lumber Mill
04:52 Blacksmith
06:49 Keep
06:54 Arcane Vault
07:00 Farm
07:34 Scout Tower
08:35 Farm
09:41 Workshop
09:45 Guard Tower
09:48 Workshop
11:02 Castle
11:37 Farm
11:40 Farm
12:18 Guard Tower
12:20 Guard Tower
12:49 Farm
12:57 Guard Tower
13:18 Farm
13:21 Farm
14:39 Arcane Sanctum
14:41 Arcane Sanctum
15:35 Scout Tower
16:08 Scout Tower
16:12 Guard Tower
16:44 Guard Tower
19:02 Scout Tower
21:24 Guard Tower
21:29 Workshop
21:39 Workshop
25:41 Scout Tower
28:25 Town Hall
28:34 Guard Tower
» items
| Scroll of Regeneration | 5 | |
| Lesser Clarity Potion | 5 | |
| Scroll of Town Portal | 2 | |
| Potion of Healing | 2 | |
| Ivory Tower | 4 | |
| Orb of Fire | 2 | |
| Staff of Sanctuary | 1 | |
21 total
ScAnZ-D (
purple | 24 APM | 682 actions | 28:56)
5 Blademaster
2 Wind Walk
3 Critical Strike
» actions
| Build / train | 42 | |
| Enter build submenu | 10 | |
| Enter hero's abilities submenu | 5 | |
| Give item / drop item | 2 | |
| Right click | 424 | |
| Select / deselect | 158 | |
| Use ability | 40 | |
682 total
» units
| Peon | 5 | |
| Grunt | 7 | |
| Troll Headhunter/Berserker | 7 | |
19 total
» upgrades
| Melee Weapons | 1 | |
| Troll Regeneration | 1 | |
| Berserker Upgrade | 1 | |
| Berserker Strength | 1 | |
| Reinforced Defenses | 1 | |
5 total
» buildings
| Altar of Storms | 1 | |
| Orc Burrow | 5 | |
| Barracks | 2 | |
| Stronghold | 1 | |
| War Mill | 1 | |
| Fortress | 1 | |
| Arcane Tower | 2 | |
13 total
» build order
00:05 Altar of Storms
00:10 Orc Burrow
00:54 Barracks
02:05 Orc Burrow
03:02 Orc Burrow
03:20 Stronghold
04:32 Orc Burrow
04:39 War Mill
05:51 Fortress
06:46 Barracks
06:54 Orc Burrow
20:26 Arcane Tower
20:29 Arcane Tower
» items
| Ivory Tower | 2 | |
| Orb of Fire | 1 | |
| Mechanical Critter | 3 | |
| Potion of Mana | 1 | |
| Potion of Healing | 1 | |
8 total
Chat log
(00:06 / Allies) ScAnZ-D: hi
(00:08 / Allies) Huggsu-: huhu
(00:15 / Allies) ScAnZ-D: from?
(00:19 / Allies) Champin: Take no prisoners
(01:10 / Allies) ScAnZ-D: wood pls
(01:33 / Allies) ScAnZ-D: wood pls
(01:53 / Allies) Huggsu-: i barely have any
(03:13 / Allies) ScAnZ-D: wood pls
(04:56 / Allies) Champin: help him blue
(07:16 / Allies) ScAnZ-D: wood pls
(07:34 / Allies) Champin: I'm always amazed at how thjey pick the best people to attack
(07:36 / Allies) Champin: fucking mhers
(09:09 / Allies) Champin: make some towers for teal
(09:38 / Allies) Huggsu-: i know, barely have any resources tho
(09:43 / Allies) Huggsu-: and i need units
(09:45 / Allies) Huggsu-: fast
(10:39 / Allies) Champin: b
(10:40 / Allies) Champin: b
(10:40 / Allies) Champin: b
(10:40 / Allies) Champin: b
(11:35 / Allies) Huggsu-: ty
(11:43 / Allies) ScAnZ-D: pls helpme
(11:43 / Allies) Champin: lumber
(12:10 / Allies) ScAnZ-D: pls help me
(12:19 / Allies) Champin: I 'll tp if they attack
(12:26 / Allies) ScAnZ-D: ty
(14:40 / Allies) ScAnZ-D: plstp
(14:41 / All) AlreadyDonged: i was alone Kappa
(14:43 / Allies) Champin: don't
(14:47 / Allies) Champin: it's almsot dead
(14:55 / Allies) Champin: sorry
(15:36 / Allies) Champin: wow move to the next base
(16:13 / Allies) Champin: I tp on you
(16:51 / Allies) Champin: go
(16:53 / Allies) Champin: I tp on you
(17:50 / All) Champin: lawl
(17:55 / All) Champin: RUN RUNNER
(19:09 / Allies) Champin: wait blue
(19:10 / Allies) Champin: back
(19:11 / Allies) Champin: I make dhawk
(19:25 / Allies) Champin: stay there
(20:04 / Allies) Champin: go to reds
(20:08 / Allies) Champin: attack reds
(20:11 / Allies) Champin: I tp there
(20:18 / All) Champin: Goddamn
(20:22 / All) Champin: Euros cannot follow instruction
(21:10 / Allies) Huggsu-: just mass tanks
(26:54 / Allies) Huggsu-: wood and gold pls
(27:10 / Allies) Champin: put more on that gold mine
(27:43 / Allies) Huggsu-: need for upgrades
(27:45 / Allies) Huggsu-: etc
(28:13 / Allies) ScAnZ-D: go?